 Dungeon Crawl Stone Soup version 0.31.0-9-g3a7656b989 (webtiles) character file.

Game seed: 10402504119598225648

23 qw the Shooter (level 2, -1/14 HPs)
             Began as a Spriggan Hunter on Feb 3, 2024.
             Succumbed to their own poison gas
             ... on level 1 of the Dungeon.
             The game lasted 00:00:10 (961 turns).

qw the Shooter (Spriggan Hunter)                     Turns: 961, Time: 00:00:10

Health: -1/14      AC:  2    Str:  7    XL:     2   Next: 72%
Magic:  3/3        EV: 19    Int: 10    God:
Gold:   42         SH:  0    Dex: 18    Spells: 1/1 levels left

rFire   . . .        a - +1 shortbow
rCold   . . .        (shield currently unavailable)
rNeg    . . .        c - +0 robe
rPois   .            (helmet restricted)
rElec   .            (no cloak)
rCorr   .            (gloves unavailable)
SInv    +            (boots unavailable)
Will    .....        (no amulet)
Stlth   ++           (no ring)
HPRegen 0.22/turn    (no ring)
MPRegen 0.08/turn

%: no passive effects
@: lethally poisoned (-1 -> -14), hasted, very quick
A: very small, no large weapons, unfitting armour, see invisible, speed 3
a: no special abilities


You were on level 1 of the Dungeon.
You visited 1 branch of the dungeon, and saw 1 of its levels.

You collected 42 gold pieces.


Innate Abilities, Weirdness & Mutations

You are very small and have problems with some larger weapons.
You are too small for most types of armour.
You have supernaturally acute eyesight. (SInv)
You cover ground extremely quickly. (Speed+++)


   Skills:
 - Level 1.5 Fighting
 + Level 4.3 Ranged Weapons
 - Level 4.0 Dodging
 - Level 1.5 Stealth


You had one spell level left.
You didn't know any spells.
Your spell library was empty.

Inventory:

Hand Weapons
 a - a +1 shortbow (weapon)
Armour
 c - a +0 robe (worn)
Potions
 d - a potion of heal wounds
 i - a potion of resistance {unknown}
 j - a potion of enlightenment {unknown}
 k - a potion of haste

Dungeon Overview and Level Annotations

Branches:
Dungeon (1/15)

Altars:


Message History

Done exploring.
952 ||| DRINKING 2 dark potions.
It was a potion of heal wounds.
You feel much better.
Done exploring.
953 ||| DRINKING 2 inky potions.
It was a potion of haste.
You feel yourself speed up.
Done exploring.
954 ||| DROPPING scroll of butterflies.
You drop a scroll of butterflies.
Done exploring.
955 ||| DROPPING scroll of fear.
You drop a scroll of fear.
Done exploring.
956 ||| DROPPING potion of attraction.
You drop a potion of attraction.
Done exploring.
What level of the Dungeon? (default 1, ? - help) Sorry, I don't know how to get there.
Enter note:
Enter note:
Enter note:
Enter note:
Enter note:
Enter note:
Enter note:
Enter note:
Enter note:
Enter note:
Enter note:
Enter note: You are engulfed in poison gas.
You are lethally poisoned!
You feel very sick.
958 ||| Stepping ~*~*~tactically~*~*~ (cloud).
You feel sick.
Things that are here:
a potion of attraction; a scroll of fear; a scroll of butterflies
There is a lethal amount of poison in your body!
You feel very sick.
There is a lethal amount of poison in your body!
You feel sick.
There is a lethal amount of poison in your body!
You die...

#.......
###########.......
#¤¤...............
#¤#########.......
#0# #...........
#¤#####.##.#%#####
#¤#............#
#0#.###......#.###
#@#.###......#....
#0#.....#....#####
#0#.#####.........
#0### ##..#######
#¤# #.......... #¤#
###%####### #¤#
#....#
##¤###########.####
#.................#


There were no monsters in sight!

Vanquished Creatures
  A dart slug (D:1)
  5 ball pythons (D:1)
  An endoplasm (D:1)
  3 quokkas (D:1)
  3 bats (D:1)
  2 frilled lizards (D:1)
  2 kobolds (D:1)
  5 rats (D:1)
22 creatures vanquished.

Notes
Turn   | Place    | Note
-------+----------+-------------------------------------------
     0 | D:1      | qw the Spriggan Hunter began the quest for the Orb.
     0 | D:1      | Reached XP level 1. HP: 10/10 MP: 2/2
     0 | D:1      | 0 ||| qw: Version: 0.3-a-155-g5e7d8dd
     0 | D:1      | 0 ||| qw: Game counter: 2984
     0 | D:1      | 0 ||| qw: Melee chars always use a shield: true
     0 | D:1      | 0 ||| qw: God list: Okawaru
     0 | D:1      | 0 ||| qw: Allow faded altars: false
     0 | D:1      | 0 ||| qw: Do Orc after clearing Dungeon:15 true
     0 | D:1      | 0 ||| qw: Do second Lair branch before Depths: true
     0 | D:1      | 0 ||| qw: Lair rune preference: random
     0 | D:1      | 0 ||| qw: Goals: Normal
     0 | D:1      | 0 ||| PLANNING D:1-11
    73 | D:1      | Reached skill level 3 in Dodging
   251 | D:1      | Reached XP level 2. HP: 14/14 MP: 3/3
   948 | D:1      | 948 ||| READING scroll labelled AHUNIR GOIXT.
   948 | D:1      | 948 ||| IDENTIFYING metallic orange potion
   949 | D:1      | 949 ||| READING 2 scrolls labelled MANUETTA ZAJU.
   950 | D:1      | 950 ||| READING scroll labelled ZUHIOT SIEPN.
   950 | D:1      | 950 ||| ENCHANTING +0 shortbow.
   951 | D:1      | 951 ||| READING scroll labelled YTEUTI DIRPH.
   952 | D:1      | 952 ||| DRINKING 2 dark potions.
   953 | D:1      | 953 ||| DRINKING 2 inky potions.
   954 | D:1      | 954 ||| DROPPING scroll of butterflies.
   955 | D:1      | 955 ||| DROPPING scroll of fear.
   956 | D:1      | 956 ||| DROPPING potion of attraction.
   958 | D:1      | 958 ||| Stepping ~*~*~tactically~*~*~ (cloud).
   959 | D:1      | HP: 3/14 [poisoned by you (poison gas)]
   960 | D:1      | HP: 1/14 [poisoned by you (poison gas)]
   961 | D:1      | Succumbed to their own poison gas

Levels and vault maps discovered:
D:1:      reono_arrival_mine, layout_basic, serial_glass, glass_columns_b,
          glass_columns_b

Skill      XL: |  1  2 |
---------------+-------+-----
Dodging        | 3 4 |  4.0
Fighting       | |  1.5
Ranged Weapons | |  4.3
Stealth        | |  1.5

Action                     || total
---------------------------++-------
   Fire: Shortbow          ||    55
    Use: Scroll            ||     4
         Potion            ||     2
 Armour: Robe              ||     2
  Dodge: Dodged            ||     8

Table legend:
 A = Non-vault XP
 B = Vault XP
 C = Vault XP percentage of total XP
 D = Non-vault monster count
 E = Vault monster count
 F = Vault count percentage of total count
                 A         B        C        D         E       F
            +---------+---------+-------+---------+---------+-------
      Total |      33 |       0 |   0.0 |      22 |       0 |   0.0
            +---------+---------+-------+---------+---------+-------
        D:1 |      33 |       0 |   0.0 |      22 |       0 |   0.0
            +---------+---------+-------+---------+---------+-------
